[Event "European Rapid Championship 2021"]
[Site "Katowice"]
[Date "2021.12.19"]
[Round "8.13"]
[White "Kossobudzki, Robert"]
[Black "Zylka, Stanislaw"]
[Result "0-1"]
[ECO "A04"]
[WhiteElo "2033"]
[BlackElo "2367"]
[Annotator "NA"]
[PlyCount "120"]
[EventDate "2021.12.18"]
[EventType "swiss"]
[EventCountry "POL"]
[SourceTitle "playchess.com"]
[Source "ChessBase"]
[SourceQuality "1"]
[TimeControl "900+10"]

1. Nf3 b6 2. b4 e6 3. Bb2 Nf6 4. a3 Bb7 5. c4 a5 6. b5 d6 7. e3 Nbd7 8. d4 g6 9. Be2 Bg7 10. O-O O-O 11. Nc3 Re8 12. Rc1 e5 13. Na4 Ne4 14. Qc2 Qe7 15.
Rfe1 h6 16. Bf1 Rad8 17. Nd2 Nxd2 18. Qxd2 Qg5 19. d5 Bc8 20. f4 Qe7 21. Bd3 e4 22. Bxg7 Kxg7 23. Be2 f5 24. Bd1 Kh7 25. g3 Rg8 26. Kf2 Rdf8 27. h4 Kg7 28. Rh1 Kf7 29. Bb3 Qf6 30.
c5 Nxc5 31. Nxc5 dxc5 32. d6+ Be6 33. Bxe6+ Qxe6 34. dxc7 Rc8 35. Qc3 Rxc7 36. Rcd1 Rd7 37. Rd2 Rgd8 38. Rhd1 Rxd2+ 39. Rxd2 Rxd2+ 40. Qxd2 Ke7 41. Qc3 Qf6 42. Qc4 Qb2+ 43. Kg1 Qd2 44. Qg8 Qxe3+ 45. Kh2 Qd2+ 46. Kh3 Qd6 47. Qg7+ Kd8 48. Qg8+ Kc7 49. Qg7+ Kb8 50. Qg8+ Kb7 51. Qf7+ Qc7 52. Qxg6 c4 53. Qxf5 Qc8 54. Qxc8+ Kxc8 55. f5 c3 56. f6 Kd7 57. g4 c2 58. g5 c1=Q 59. g6 Ke6 60. f7 Ke7 0-1

[Event "European Rapid Championship 2021"]
[Site "Katowice"]
[Date "2021.12.19"]
[Round "8.14"]
[White "Schneider, Ilja"]
[Black "Karolczuk, Iwo"]
[Result "1-0"]
[ECO "C88"]
[WhiteElo "2490"]
[BlackElo "2007"]
[Annotator "ChessBase"]
[PlyCount "107"]
[EventDate "2021.12.18"]
[EventType "swiss"]
[EventCountry "POL"]
[SourceTitle "playchess.com"]
[Source "ChessBase"]
[SourceQuality "1"]
[TimeControl "900+10"]

1. e4 e5 2. Nf3 Nc6 3. Bb5 a6 4. Ba4 Nf6 5. O-O Be7 6. Re1 b5 7. Bb3 d6 8. a4 Rb8 9. axb5 axb5 10. h3 O-O 11. d3 h6 12. Nc3 Nd4 13.
Nxd4 exd4 14. Nd5 Nxd5 15. Bxd5 Be6 16. Bxe6 fxe6 17. Qg4 Rf6 18. e5 dxe5 19. Rxe5 Qd7 20. Ra6 c6 21. Re2 Rc8 22. Bf4 Bc5 23. Be5 Rf5 24. Re4 Rg5 25. Qe2 Rf8 26. Bg3 Rg6 27. Ra1 Re8 28. h4 Bb6 29. Rg4 Rxg4 30. Qxg4 Bc5 31. Be5 Bf8 32. Qxd4 Qxd4 33. Bxd4 c5 34. Be5 c4 35. d4 b4 36. Ra7 Rc8 37. g4 Kh7 38. Kg2 Kg6 39. h5+ Kh7 40. f4 b3 41. c3 Kg8 42. Kf3 Re8 43.
Ke4 Re7 44. Ra8 Rd7 45. Rc8 Kf7 46. Rxc4 Ra7 47. Rc7+ Rxc7 48. Bxc7 Ba3 49. Kd3 Bxb2 50. Kc4 g6 51. Kxb3 Bc1 52. Kc2 Be3 53. Kd3 Bf2 54. Ke4 1-0

[Event "European Rapid Championship 2021"]
[Site "Katowice"]
[Date "2021.12.19"]
[Round "8.14"]
[White "Czerw, Dawid"]
[Black "Jedrusik, Adam"]
[Result "0-1"]
[ECO "D43"]
[WhiteElo "2158"]
[BlackElo "1769"]
[Annotator "NA"]
[PlyCount "78"]
[EventDate "2021.12.18"]
[EventType "swiss"]
[EventCountry "POL"]
[SourceTitle "playchess.com"]
[Source "ChessBase"]
[SourceQuality "1"]
[TimeControl "900+10"]

1. d4 d5 2. c4 c6 3. Nf3 Nf6 4. Nc3 e6 5. Bg5 h6 6. Bh4 dxc4 7. e4 g5 8. Bg3 b5 9. e5 Nd5 10. Nd2 Nd7 11. h4 g4 12. Qxg4 Bb7 13. h5 Qa5 14. Rc1 Nxc3 15.
bxc3 c5 16. Be2 cxd4 17. Qxd4 Bc5 18. Qf4 Bxg2 19. Rg1 Bd5 20. Bh4 Qc7 21. Rg7 Nxe5 22. Bg3 Bd6 23. Qf6 Rf8 24. Nf1 Nd3+ 25. Bxd3 cxd3 26. Ne3 Bxg3 27. fxg3 Rd8 28. Kd2 Qa5 29. Ra1 Qa3 30. Nd1 Rc8 31. Qd4 Rc4 32. Qxd3 b4 33. Rc1 Ke7 34. Ne3 bxc3+ 35. Kd1 Bf3+ 36. Ke1 Qxc1+ 37. Kf2 Qd2+ 38. Qxd2 cxd2 39. Kxf3 Rc3 0-1

[Event "European Rapid Championship 2021"]
[Site "Katowice"]
[Date "2021.12.19"]
[Round "8.15"]
[White "Janaszak, Dawid"]
[Black "Vetoshko, Volodymyr"]
[Result "0-1"]
[ECO "B23"]
[WhiteElo "2328"]
[BlackElo "2483"]
[Annotator "ChessBase"]
[PlyCount "62"]
[EventDate "2021.12.18"]
[EventType "swiss"]
[EventCountry "POL"]
[SourceTitle "playchess.com"]
[Source "ChessBase"]
[SourceQuality "1"]
[TimeControl "900+10"]

1. e4 c5 2. Nc3 e6 3. Nge2 Nc6 4. g3 d5 5. exd5 exd5 6. d4 Bg4 7. Bg2 Nxd4 8.
h3 Bf3 9. O-O Nxe2+ 10. Nxe2 Bxg2 11. Kxg2 Be7 12. b4 cxb4 13. Bb2 Nf6 14. Nd4 O-O 15. Nf5 Re8 16. Re1 Bf8 17. Qf3 g6 18. Rxe8 Nxe8 19. Ne3 Bg7 20. Bxg7 Kxg7 21. Nxd5 a5 22. Re1 Ra6 23. Nf4 Rc6 24. Qe2 Nf6 25. Rd1 Rd6 26. Rxd6 Qxd6 27. Kh2 Qc6 28. Qe7 g5 29. Nd3 Qxc2 30. Ne5 Qxf2+ 31. Kh1 Ne4 0-1

[Event "European Rapid Championship 2021"]
[Site "Katowice"]
[Date "2021.12.19"]
[Round "8.15"]
[White "Seemann, Jakub"]
[Black "Bogdanov, Ignat"]
[Result "1-0"]
[ECO "D20"]
[WhiteElo "1862"]
[BlackElo "2058"]
[Annotator "NA"]
[PlyCount "111"]
[EventDate "2021.12.18"]
[EventType "swiss"]
[EventCountry "POL"]
[SourceTitle "playchess.com"]
[Source "ChessBase"]
[SourceQuality "1"]
[TimeControl "900+10"]

1. d4 d5 2. c4 dxc4 3. e3 c5 4. Bxc4 cxd4 5. exd4 e6 6. Nf3 Nf6 7. O-O Be7 8. Nc3 O-O 9. Qe2 a6 10. Rd1 b5 11. Bb3 Bb7 12. Ne5 Nd5 13.
Bc2 Nxc3 14. bxc3 Bf6 15. Ba3 Be7 16. Qh5 f5 17. Bb3 Bd5 18.
Bxd5 exd5 19. Bxe7 Qxe7 20. Rd3 Qe8 21. Qf3 Qd8 22. Re1 Qd6 23.
Qh5 g6 24. Qh6 Ra7 25. Rde3 Rg7 26. Nf3 Nc6 27. Ng5 Nd8 28. Rg3 f4 29. Rg4 Re7 30. Re5 Rf6 31. Rh4 Qd7 32. h3 Ne6 33. Nxe6 Rexe6 34. Rxe6 Rxe6 35. Rxf4 Qe7 36. Rf3 Re1+ 37. Kh2 Qc7+ 38. g3 Qe7 39. Qf4 Kg7 40. h4 Re4 41. Qb8 Re6 42. Qa8 Rd6 43. Re3 Re6 44. Rf3 Rd6 45. Kg2 Qd8 46. Qa7+ Qd7 47. Qc5 Qc6 48. Qa3 Qd7 49. Qc1 Re6 50. h5 gxh5 51. Qg5+ Rg6 52. Qe5+ Kh6 53. Rf5 Rd6 54. Rxh5+ Kg6 55. Qg5+ Kf7 56. Rxh7+ 1-0

[Event "European Rapid Championship 2021"]
[Site "Katowice"]
[Date "2021.12.19"]
[Round "8.16"]
[White "Karpus, Michal"]
[Black "Gumularz, Szymon"]
[Result "0-1"]
[ECO "C75"]
[WhiteElo "2185"]
[BlackElo "2452"]
[Annotator "ChessBase"]
[PlyCount "110"]
[EventDate "2021.12.18"]
[EventType "swiss"]
[EventCountry "POL"]
[SourceTitle "playchess.com"]
[Source "ChessBase"]
[SourceQuality "1"]
[TimeControl "900+10"]

1. e4 e5 2. Nf3 Nc6 3. Bb5 a6 4. Ba4 d6 5. c3 Bd7 6. O-O Nf6 7. Re1 g6 8. d4 Bg7 9. Bxc6 Bxc6 10. dxe5 Nxe4 11. exd6 O-O 12. Bf4 Nxd6 13. Ne5 Bxe5 14. Bxe5 Nc4 15. Qxd8 Rfxd8 16. Bxc7 Re8 17. Na3 Nxb2 18. Rxe8+ Rxe8 19. Nc2 Na4 20. c4 Re4 21. Ne3 f5 22. Rc1 Kf7 23. Kf1 Rd4 24. Ke2 Ke6 25. f3 f4 26. Nd1 g5 27. Ba5 Kf5 28.
Be1 h5 29. Bf2 Rd7 30. h3 g4 31. hxg4+ hxg4 32. Nc3 Nb2 33. fxg4+ Kxg4 34. Nd5 Bxd5 35. cxd5 Rxd5 36. Rb1 Nc4 37. Rxb7 Rd2+ 38. Kf1 Rxa2 39. Bd4 Kf5 40. Rf7+ Ke4 41. Ba7 a5 42. Re7+ Kd5 43. Rf7 Ra1+ 44. Kf2 Ne5 45. Rf5 Ke4 46. Rf8 a4 47. Re8 Ra2+ 48. Kf1 Ra1+ 49. Kf2 Kd5 50. Bb8 Nd3+ 51. Kf3 Rf1+ 52. Kg4 a3 53. Re2 Rf2 54. Rxf2 Nxf2+ 55. Kf5 Nd3 0-1

[Event "European Rapid Championship 2021"]
[Site "Katowice"]
[Date "2021.12.19"]
[Round "8.16"]
[White "Derejczyk, Mateusz"]
[Black "Niedbala, Bartlomiej"]
[Result "0-1"]
[ECO "B14"]
[WhiteElo "1520"]
[BlackElo "2131"]
[Annotator "NA"]
[PlyCount "90"]
[EventDate "2021.12.18"]
[EventType "swiss"]
[EventCountry "POL"]
[SourceTitle "playchess.com"]
[Source "ChessBase"]
[SourceQuality "1"]
[TimeControl "900+10"]

1. e4 c6 2. d4 d5 3. exd5 cxd5 4. c4 Nf6 5. Nc3 g6 6. Nf3 Bg7 7. cxd5 Nxd5 8. Bc4 Nb6 9. Bb3 O-O 10. Be3 Nc6 11. O-O Na5 12. h3 Nxb3 13.
Qxb3 Be6 14. Qb4 Rc8 15. Rfd1 Nd5 16. Qxb7 Rc7 17. Qa6 Nxe3 18. fxe3 Bc4 19. Qa5 Bh6 20. Kf2 Qb8 21. Rd2 Rfc8 22. Ne5 Be6 23. Ng4 Bg7 24. Rad1 Rb7 25. Qa3 h5 26. Ne5 Bxe5 27. dxe5 Qxe5 28. Rd8+ Rxd8 29. Rxd8+ Kh7 30. Nd1 Rc7 31. Rd2 h4 32. Qb4 Qg3+ 33. Kf1 Bc4+ 34. Kg1 Qe1+ 35. Kh2 Rd7 36. Qxc4 Qg3+ 37. Kg1 Rxd2 38. Qxf7+ Kh6 39. Qf1 Kg7 40. a4 a5 41. Kh1 Rc2 42. Kg1 Rc1 43. Qd3 Qe1+ 44. Kh2 Rxd1 45. Qc3+ Qxc3 0-1

[Event "European Rapid Championship 2021"]
[Site "Katowice"]
[Date "2021.12.19"]
[Round "8.17"]
[White "Reimanis, Ritvars"]
[Black "Jonsson, Gauti Pall"]
[Result "1/2-1/2"]
[ECO "A47"]
[WhiteElo "2397"]
[BlackElo "2014"]
[Annotator "NA"]
[PlyCount "94"]
[EventDate "2021.12.18"]
[EventType "swiss"]
[EventCountry "POL"]
[SourceTitle "playchess.com"]
[Source "ChessBase"]
[SourceQuality "1"]
[TimeControl "900+10"]

1. Nf3 Nf6 2. d4 b6 3. g3 Bb7 4. Bg2 g6 5. O-O Bg7 6. Re1 O-O 7. c4 d6 8. d5 c6 9. e4 cxd5 10. exd5 b5 11. Qb3 Qb6 12. Rxe7 Nbd7 13. Na3 bxc4 14. Nxc4 Qd8 15. Re1 Bxd5 16. Qd3 Nc5 17. Qf1 Rc8 18. Bf4 Ne6 19. Rac1 Nxf4 20. gxf4 Nh5 21. Ne3 Bxf3 22. Rxc8 Qxc8 23. Bxf3 Nxf4 24. Nd5 Nxd5 25. Bxd5 Qf5 26. Qc4 Be5 27. Bg2 Bxb2 28. Re7 Be5 29. Rxa7 Rb8 30. Ra8 Qb1+ 31. Qf1 Qxf1+ 32. Kxf1 Rxa8 33. Bxa8 Kf8 34. h3 Ke7 35. Bd5 f6 36. Ke2 Kd7 37. Ke3 Kc7 38. Ke4 Kb6 39. f4 f5+ 40. Ke3 Kc5 41. Bg8 Bd4+ 42. Kf3 h6 43. Bh7 g5 44. Bxf5 gxf4 45. Kxf4 Bb2 46. Ke3 Kc4 47. Kd2 Ba3 1/2-1/2

[Event "European Rapid Championship 2021"]
[Site "Katowice"]
[Date "2021.12.19"]
[Round "8.17"]
[White "Lach, Aleksandra"]
[Black "Dragnev, Valentin"]
[Result "0-1"]
[ECO "B01"]
[WhiteElo "2132"]
[BlackElo "2409"]
[Annotator "NA"]
[PlyCount "114"]
[EventDate "2021.12.18"]
[EventType "swiss"]
[EventCountry "POL"]
[SourceTitle "playchess.com"]
[Source "ChessBase"]
[SourceQuality "1"]
[TimeControl "900+10"]

1. e4 d5 2. exd5 Qxd5 3. Nf3 Bg4 4. Be2 Nc6 5. d4 O-O-O 6.
Be3 e5 7. c4 Qa5+ 8. Bd2 Bb4 9. d5 Bxf3 10. Bxf3 Nd4 11. Nc3 Qa6 12. Be2 Nf6 13. a3 Bxc3 14. Bxc3 Nxe2 15. Qxe2 Rhe8 16. O-O-O Kb8 17. Rhe1 Nd7 18. Bb4 Qh6+ 19. Qe3 Qh4 20. b3 f5 21. g3 Qh5 22. Qe2 Qh6+ 23. Kb2 e4 24. f4 g5 25. Qf2 gxf4 26. gxf4 Nf6 27. d6 c6 28. Ba5 Rd7 29. Bc7+ Ka8 30. Re2 Ng4 31. Qg3 Qf6+ 32. Ka2 Qe6 33.
h3 Nf6 34. Qe3 Rc8 35. Rg1 Ne8 36. Reg2 Nxd6 37. Bxd6 Rxd6 38. Qc3 Rd3 39. Qb4 c5 40. Qe1 Rcd8 41. Re2 a6 42. Rg3 Qd6 43. Rge3 Qxf4 44. Rxd3 Rxd3 45. Qa5 Qf1 46. Rc2 Qg1 47. Qc7 Ka7 48. a4 Qd4 49. a5 Qd6 50. Qxh7 Rd2 51. Rxd2 Qxd2+ 52. Kb1 Qd3+ 53. Kb2 Qd2+ 54. Kb1 Qd3+ 55. Kb2 e3 56. Qc7 Qd4+ 57. Ka2 e2 0-1

[Event "European Rapid Championship 2021"]
[Site "Katowice"]
[Date "2021.12.19"]
[Round "8.18"]
[White "Teclaf, Pawel"]
[Black "Mis, Mieszko"]
[Result "1/2-1/2"]
[ECO "A01"]
[WhiteElo "2345"]
[BlackElo "2237"]
[Annotator "NA"]
[PlyCount "39"]
[EventDate "2021.12.18"]
[EventType "swiss"]
[EventCountry "POL"]
[SourceTitle "playchess.com"]
[Source "ChessBase"]
[SourceQuality "1"]
[TimeControl "900+10"]

1. b3 Nf6 2. Bb2 e6 3. Nf3 Be7 4. g3 b6 5. Bg2 Bb7 6. O-O O-O 7. c4 d5 8. cxd5 Nxd5 9. Nc3 Nxc3 10. Bxc3 c5 11. Rc1 Nc6 12. Qc2 Bf6 13.
Rfd1 Bxc3 14. Qxc3 Qe7 15. d4 cxd4 16. Nxd4 Nxd4 17. Qxd4 Bxg2 18. Kxg2 Rfd8 19. Qe4 Rac8 20. b4 1/2-1/2

[Event "European Rapid Championship 2021"]
[Site "Katowice"]
[Date "2021.12.19"]
[Round "8.18"]
[White "Malek, Jan"]
[Black "Nasuta, Grzegorz"]
[Result "0-1"]
[ECO "B51"]
[WhiteElo "2029"]
[BlackElo "2345"]
[Annotator "NA"]
[PlyCount "94"]
[EventDate "2021.12.18"]
[EventType "swiss"]
[EventCountry "POL"]
[SourceTitle "playchess.com"]
[Source "ChessBase"]
[SourceQuality "1"]
[TimeControl "900+10"]

1. e4 c5 2. Nf3 d6 3. Bb5+ Nd7 4. Ba4 Ngf6 5. O-O e6 6. Re1 Be7 7. c3 O-O 8. d4 a6 9. Bc2 e5 10. Nbd2 b5 11. a4 Bb7 12. dxe5 dxe5 13. Qe2 Qb6 14. Nf1 c4 15. Ng3 g6 16. Bg5 Rfe8 17. h3 Bf8 18.
Red1 Nc5 19. Qe3 Qc6 20. axb5 axb5 21. Rxa8 Bxa8 22. Re1 Nfd7 23. Bh6 Be7 24. Rd1 f6 25. h4 Bb7 26. h5 Kf7 27. Nh4 Rg8 28. Qf3 Nb6 29. Be3 Nba4 30. Bc1 Qe6 31. Qe3 Qg4 32. Nf3 gxh5 33. Kf1 Bc8 34. Ke2 h4
35. Nf5 Bxf5 36. exf5 e4 37. Rd4 exf3+ 38. gxf3 Qg5 39. Rf4 Bd6 40. Qd4 Bxf4 41. Bxf4 Re8+ 42. Kf1 Qh5 43. Qd5+ Kg7 44. Bd6 h3 45. Bxc5 Nxc5 46. Qxc5 h2 47. Qc7+ Kh8 0-1

[Event "European Rapid Championship 2021"]
[Site "Katowice"]
[Date "2021.12.19"]
[Round "8.19"]
[White "Spalir, Jernej"]
[Black "Kanicki, Krzysztof"]
[Result "1/2-1/2"]
[ECO "D45"]
[WhiteElo "2340"]
[BlackElo "2004"]
[Annotator "NA"]
[PlyCount "108"]
[EventDate "2021.12.18"]
[EventType "swiss"]
[EventCountry "POL"]
[SourceTitle "playchess.com"]
[Source "ChessBase"]
[SourceQuality "1"]
[TimeControl "900+10"]

1. d4 d5 2. c4 c6 3. Nf3 Nf6 4. Nc3 e6 5. e3 Nbd7 6. Qc2 Bd6 7. g4 h6 8. g5 hxg5 9. Nxg5 a6 10. Bd2 b5 11. c5 Bc7 12. f4 a5 13. Bd3 Qe7 14. a3 Nf8 15.
O-O-O N6d7 16. Rdg1 g6 17. e4 dxe4 18. Bxe4 Ra6 19. Re1 Nf6 20. Bf3 N8h7 21. h4 Bd7 22. Nxh7 Rxh7 23. f5 gxf5 24. Bg5 Bd8 25. Qg2 Rh8 26. Kb1 b4 27. Ne2 Qf8 28. Nf4 Be7 29. a4 Kd8 30. Nd3 Nd5 31. Bxd5 cxd5 32. b3 Bc6 33. Qg3 Kc8 34. Qe5 Rg8 35. Bxe7 Qxe7 36. Qxf5 exf5 37. Rxe7 Bd7 38. Ne5 Be6 39. Nxf7 Bxf7 40. Rxf7 Re6 41. Rh2 Re3 42. Ka2 Rgg3 43. Rb2 Re1 44. Rxf5 Rgg1 45. Rbf2 Ra1+ 46. Kb2 Rgc1 47. Rf8+ Kd7 48. c6+ Ke7 49. R8f7+ Ke8 50. Rf8+ Ke7 51. R2f7+ Ke6 52. Rf6+ Ke7 53.
R6f7+ Ke6 54. Rf6+ Ke7 1/2-1/2

[Event "European Rapid Championship 2021"]
[Site "Katowice"]
[Date "2021.12.19"]
[Round "8.19"]
[White "Koziorowicz, Michal"]
[Black "Papasimakopoulos, Alexandros"]
[Result "1/2-1/2"]
[ECO "C03"]
[WhiteElo "2041"]
[BlackElo "2274"]
[Annotator "ChessBase"]
[PlyCount "166"]
[EventDate "2021.12.18"]
[EventType "swiss"]
[EventCountry "POL"]
[SourceTitle "playchess.com"]
[Source "ChessBase"]
[SourceQuality "1"]
[TimeControl "900+10"]

1. e4 e6 2. d4 d5 3. Nd2 Be7 4. Bd3 c5 5. dxc5 Bxc5 6. Ngf3 Nc6 7. O-O Nge7 8. a3 a5 9. b3 O-O 10. Bb2 Ng6 11. b4 Bd6 12. c4 Nce5 13.
Be2 dxc4 14. Nxe5 Bxe5 15. Bxe5 Nxe5 16. Nxc4 Nxc4 17. Bxc4 Qe7 18. Qb3 b6 19. bxa5 bxa5 20. Rab1 Qh4 21. Be2 Ba6 22. Bxa6 Rxa6 23. Rfe1 h6 24. Qb5 Raa8 25. Rb3 Qf6 26. Rf3 Qd4 27. Rd3 Qf6 28. Qh5 a4 29. Rg3 Rac8 30. h3 Rc2 31. Re2 Qa1+ 32. Kh2 Rc1 33.
Rd3 Rh1+ 34. Kg3 Qg1 35. Rd7 e5 36. Kf3 Rh2 37. Qg4 Qc1 38.
Re3 Rh1 39. Red3 Qc6 40. Qf5 Rf1 41. Rxf7 Qc5 42. Rxf8+ Qxf8 43. Qxf8+ Kxf8 44. Rd8+ Ke7 45. Ra8 Kf6 46.
Rxa4 Ra1 47. Ra6+ Kf7 48. Kg4 Ra2 49. Kg3 h5 50. Kf3 g5 51. g3 Rb2 52. Kg2 Re2 53. Kf3 Rb2 54. a4 Rb3+ 55. Kg2 Rb4 56. f3 Rb2+ 57. Kf1 Rb3 58.
Ke2 Rb2+ 59. Kd3 Rb3+ 60. Kc4 Rxf3 61. Rh6 Rxg3 62. Rxh5 Kg6 63. Rh8 Kg7 64. Re8 Kf6 65. a5 Rxh3 66. a6 Ra3 67. Kb5 g4 68. Rg8 g3 69. Kb6 Rb3+ 70. Kc6 Ra3 71. Kb7 Rb3+ 72. Ka8 Re3 73. a7 Rxe4 74. Kb7 Ra4 75.
Rxg3 e4 76. Rb3 Ke5 77. Rb6 Rxa7+ 78. Kxa7 e3 79. Rb8 Kd4 80. Kb6 e2 81. Re8 Kd3 82. Kc5 Kd2 83. Rxe2+ Kxe2 1/2-1/2

[Event "European Rapid Championship 2021"]
[Site "Katowice"]
[Date "2021.12.19"]
[Round "8.20"]
[White "Bjerre, Jonas Buhl"]
[Black "Kos, Pawel"]
[Result "1-0"]
[ECO "A48"]
[WhiteElo "2330"]
[BlackElo "2199"]
[Annotator "NA"]
[PlyCount "69"]
[EventDate "2021.12.18"]
[EventType "swiss"]
[EventCountry "POL"]
[SourceTitle "playchess.com"]
[Source "ChessBase"]
[SourceQuality "1"]
[TimeControl "900+10"]

1. d4 Nf6 2. Nf3 g6 3. c4 d5 4. cxd5 Bg7 5. Qa4+ Nbd7 6. Nc3 a6 7. e4 O-O 8. Be2 b5 9. Qc2 Bb7 10. O-O Nb6 11. Ne5 b4 12. Nd1 e6 13.
dxe6 Bxe4 14. exf7+ Kh8 15. Qc5 a5 16. Bg5 Na4 17. Qb5 Qxd4 18.
Nf3 Qc5 19. Bxf6 Bxf6 20. Qxa4 Bc6 21. Qb3 a4 22. Qe3 Qxe3 23. fxe3 Rad8 24. Rc1 Bd5 25. Bc4 Be4 26. Nd4 Bxd4 27. exd4 Rxd4 28. Ne3 c6 29. Rfd1 c5 30. Rxd4 cxd4 31. Ng4 Kg7 32. Rd1 Rd8 33. Ne5 d3 34. Bxd3 Bd5 35. Bc4 1-0

[Event "European Rapid Championship 2021"]
[Site "Katowice"]
[Date "2021.12.19"]
[Round "8.20"]
[White "Druckenthaner, Andreas"]
[Black "Hasterok, Mateusz"]
[Result "1-0"]
[ECO "B40"]
[WhiteElo "2291"]
[BlackElo "2132"]
[Annotator "NA"]
[PlyCount "45"]
[EventDate "2021.12.18"]
[EventType "swiss"]
[EventCountry "POL"]
[SourceTitle "playchess.com"]
[Source "ChessBase"]
[SourceQuality "1"]
[TimeControl "900+10"]

1. e4 c5 2. Nf3 e6 3. d4 cxd4 4. Bg5 Qa5+ 5. Nbd2 Nc6 6. Bd3 Be7 7. Bxe7 Ngxe7 8. O-O O-O 9. Nc4 Qc7 10. e5 f5 11. exf6 Rxf6 12. Ng5 Rh6 13. f4 d5 14. Nd2 Bd7 15. g3 e5 16. fxe5 Qxe5 17. Ndf3 Qe3+ 18. Kg2 Ne5 19. Nxe5 Qxg5 20. Nxd7 Re8 21. Qf3 Nf5 22. Qxf5 Qe7 23. Rae1 1-0

[Event "European Rapid Championship 2021"]
[Site "Katowice"]
[Date "2021.12.19"]
[Round "8.21"]
[White "Krzywda, Andrzej"]
[Black "Kowalski, Igor"]
[Result "0-1"]
[ECO "B06"]
[WhiteElo "2123"]
[BlackElo "2295"]
[Annotator "NA"]
[PlyCount "74"]
[EventDate "2021.12.18"]
[EventType "swiss"]
[EventCountry "POL"]
[SourceTitle "playchess.com"]
[Source "ChessBase"]
[SourceQuality "1"]
[TimeControl "900+10"]

1. e4 g6 2. d4 Bg7 3. Nc3 d6 4. Be3 a6 5. g4 b5 6. Bg2 Bb7 7. h4 h6 8. h5 g5 9. Nce2 Nd7 10. Ng3 e6 11. N1e2 Ne7 12. f4 gxf4 13. Bxf4 Nb6 14. O-O Qd7 15. b3 e5 16. dxe5 Bxe5 17. Nd4 Rg8 18. Bxe5 dxe5 19. Ndf5 Qxd1 20. Raxd1 Rxg4 21. Kh2 Nxf5 22. Rxf5 Nd7 23.
Bh3 Rh4 24. Rxf7 Kxf7 25. Rxd7+ Kg8 26. Nf5 Rxh5 27. Rxc7 Bxe4 28. Ng3 Rh4 29. Re7 Rd8 30. Rxe5 Rd2+ 31. Kg1 Rxh3 32. Nxe4 Rxc2 33. Re7 Rd3 34. Nf2 Rg3+ 35. Kf1 Rf3 36. Re2 Rxe2 37. Kxe2 Rxf2+ 0-1

[Event "European Rapid Championship 2021"]
[Site "Katowice"]
[Date "2021.12.19"]
[Round "8.21"]
[White "Grzesik, Gracjan"]
[Black "Kyc, Jerzy"]
[Result "0-1"]
[ECO "A29"]
[WhiteElo "1992"]
[BlackElo "2308"]
[Annotator "NA"]
[PlyCount "124"]
[EventDate "2021.12.18"]
[EventType "swiss"]
[EventCountry "POL"]
[SourceTitle "playchess.com"]
[Source "ChessBase"]
[SourceQuality "1"]
[TimeControl "900+10"]

1. c4 Nf6 2. Nc3 e5 3. Nf3 Nc6 4. g3 Bb4 5. Bg2 O-O 6. O-O d6 7. d3 h6 8. Bd2 Be6 9. a3 Bxc3 10. Bxc3 Qd7 11. b4 Bh3 12. Qb3 Bxg2 13.
Kxg2 Ne7 14. Rac1 Ng6 15. h3 Rfe8 16. Bb2 c6 17. Rfe1 h5 18.
e4 a5 19. c5 axb4 20. axb4 d5 21. exd5 Qxd5 22. Qxd5 Nxd5 23. Nxe5 Nxe5 24. Bxe5 Nxb4 25. Bd6 Nxd3 26. Rxe8+ Rxe8 27. Rc3 Nb4 28.
Rb3 Re4 29. Kf3 Rc4 30. g4 h4 31. Be7 f6 32. Bd6 Kf7 33.
Kg2 g5 34. Kf3 f5 35. gxf5 Kf6 36. Kg2 Kxf5 37. Rf3+ Kg6 38. Rb3 Kh5 39. Kh2 Na6 40. Rxb7 Nxc5 41. Bxc5 Rxc5 42. Rc7 Rc3 43. Kg2 Kg6 44. Rc8 c5 45. Rg8+ Kf6 46. Rf8+ Kg7 47. Rc8 c4 48. Rc6 Kf7 49. Kh2 Ke7 50. Kg2 Kd7 51. Rc5 Kd6 52. Rxg5 Rd3 53. Rg8 Kc5 54. Rc8+ Kb4 55. f4 c3 56. f5 Rd5 57. Kf3 Rxf5+ 58. Kg4 Rc5 59. Rb8+ Ka3 60. Rb1 Rc4+ 61. Kg5 c2 62. Rc1 Kb2 0-1

[Event "European Rapid Championship 2021"]
[Site "Katowice"]
[Date "2021.12.19"]
[Round "8.22"]
[White "Rozman, Monika"]
[Black "Wisniewski, Michal"]
[Result "1-0"]
[ECO "B07"]
[WhiteElo "1998"]
[BlackElo "2248"]
[Annotator "NA"]
[PlyCount "49"]
[EventDate "2021.12.18"]
[EventType "swiss"]
[EventCountry "POL"]
[SourceTitle "playchess.com"]
[Source "ChessBase"]
[SourceQuality "1"]
[TimeControl "900+10"]

1. e4 Nf6 2. Nc3 d6 3. d4 g6 4. Be3 Bg7 5. h3 c6 6. f4 Qa5 7. Qd2 Nbd7 8. Nf3 O-O 9. Bd3 e5 10. O-O Re8 11. Rae1 b5 12. fxe5 dxe5 13. dxe5 Nh5 14. e6 Rxe6 15. Ng5 Re7 16. Nd5 Qd8 17. Nxe7+ Qxe7 18. Rxf7 Qe5 19. Ref1 h6 20. Nf3 Qe6 21. Nd4 Qd6 22. Nb3 Ne5 23. Bc5 Qe6 24. Re7 Nc4 25. Rxe6 1-0

[Event "European Rapid Championship 2021"]
[Site "Katowice"]
[Date "2021.12.19"]
[Round "8.23"]
[White "Sotsky, Alexander"]
[Black "Walter, Szymon"]
[Result "0-1"]
[ECO "A45"]
[WhiteElo "2333"]
[BlackElo "2203"]
[Annotator "NA"]
[PlyCount "108"]
[EventDate "2021.12.18"]
[EventType "swiss"]
[EventCountry "POL"]
[SourceTitle "playchess.com"]
[Source "ChessBase"]
[SourceQuality "1"]
[TimeControl "900+10"]

1. d4 Nf6 2. Bg5 Ne4 3. Bh4 d5 4. f3 Nf6 5. c3 g6 6. Nd2 Bg7 7. e3 O-O 8. Bd3 Nbd7 9. f4 c5 10. Ngf3 b6 11. O-O Bb7 12. Ne5 Ne4 13.
Nxe4 dxe4 14. Bc4 cxd4 15. cxd4 Nf6 16. f5 Bd5 17. fxg6 hxg6 18. b3 Qd6 19. Rc1 Rac8 20. Qe2 Bxc4 21. Rxc4 Rxc4 22. Nxc4 Qe6 23. Bxf6 Bxf6 24. Rd1 Rd8 25. Qf2 Rd5 26. Qg3 Kg7 27. Nd2 Rg5 28. Qf4 Rg4 29. Qb8 Qf5 30. Re1 Qa5 31. Re2 Qxa2 32. h3 Rh4 33. Kf2 Rh5 34. Qb7 Qa1 35. Qxe4 Bh4+ 36. g3 Bf6 37. h4 Rf5+ 38. Kg2 Qd1 39. Qg4 Ra5 40. Ne4 Ra1 41. Nf2 Qf1+ 42. Kf3 Ra5 43. Ke4 Qb1+ 44. Kf3 Qf1 45. Ke4 e5 46. Kd3 exd4 47. exd4 Qb1+ 48. Kc3 Rc5+ 49. Kd2 Rc2+ 50. Ke3 Qxb3+ 51. Nd3 Rc3 52. Qe4 Rc4 53. Qd5 Qc3 54. Qb5 Bxd4+ 0-1

[Event "European Rapid Championship 2021"]
[Site "Katowice"]
[Date "2021.12.19"]
[Round "8.23"]
[White "Kubicka, Anna"]
[Black "Andersen, Mads"]
[Result "0-1"]
[ECO "C60"]
[WhiteElo "2273"]
[BlackElo "2574"]
[Annotator "ChessBase"]
[PlyCount "70"]
[EventDate "2021.12.18"]
[EventType "swiss"]
[EventCountry "POL"]
[SourceTitle "playchess.com"]
[Source "ChessBase"]
[SourceQuality "1"]
[TimeControl "900+10"]

1. e4 e5 2. Nf3 Nc6 3. Bb5 Nge7 4. O-O g6 5. d4 exd4 6.
Nxd4 Bg7 7. Nxc6 bxc6 8. Bd3 O-O 9. c3 d6 10. Bg5 Rb8 11. Qc2 Be6 12. Nd2 Qd7 13. f4 f5 14. Bxe7 Qxe7 15. exf5 Bxf5 16. Rae1 Qf7 17. Bxf5 Qxf5 18. Qxf5 Rxf5 19. Nb3 c5 20. Re7 Rf7 21. Rxf7 Kxf7 22. Rf2 Ke6 23. g4 c4 24. f5+ gxf5 25. gxf5+ Kd5 26. Rd2+ Ke4 27. Nd4 Ke3 28. Re2+ Kd3 29. Re7 Bxd4+ 30. cxd4 Rxb2 31. f6 Rb5 32. f7 Rf5 33. Rxc7 c3 34. Kg2 c2 35. Kg3 Rxf7 0-1